 Dungeon Crawl Stone Soup version 0.30.0-29-ga12c61a403 (webtiles) character file.

Game seed: 11939453668625338420

350 javelincjr the Caller (level 6, -4/39 HPs)
             Began as an Octopode Summoner on June 6, 2023.
             Killed from afar by Dowan (9 damage)
             ... with a puff of flame
             ... on level 4 of the Dungeon.
             The game lasted 00:18:29 (3264 turns).

javelincjr the Caller (Octopode Summoner)           Turns: 3264, Time: 00:18:29

Health: -4/39      AC:  1    Str:  7    XL:     6   Next: 60%
Magic:  7/11       EV: 29    Int: 19    God:
Gold:   278        SH:  0    Dex: 13    Spells: 5/11 levels left

rFire   . . .        h - +1 club (spect)
rCold   . . .        (no shield)
rNeg    . . .        (helmet restricted)
rPois   .            l - amulet of the acrobat
rElec   .            (no ring)
rCorr   .            (no ring)
SInv    .            (no ring)
Will    .....        (no ring)
Stlth   ++++         (no ring)
HPRegen 0.26/turn    (no ring)
MPRegen 0.12/turn    (no ring)
                     (no ring)

%: acrobat
@: acrobatic
A: almost no armour, amphibious, 8 rings, camouflage 1, gelatinous body 1,
(nimble swimmer 1), tentacles
a: no special abilities


You were on level 4 of the Dungeon.
You visited 1 branch of the dungeon, and saw 4 of its levels.

You collected 278 gold pieces.

Inventory:

Hand Weapons
 c - a +0 flail
 d - a +0 short sword of protection
 h - a +1 spectral club (weapon)
Missiles
 m - a throwing net
Jewellery
 l - an amulet of the acrobat (around mantle)
Scrolls
 i - 2 scrolls of vulnerability
 k - 3 scrolls of poison
Potions
 a - a potion of magic
 b - a potion of experience {unknown}
 e - a potion of curing {unknown}
 f - a potion of brilliance {unknown}
 g - 2 potions of haste
 j - 2 potions of heal wounds
 n - a potion of flight {unknown}
 o - 2 potions of degeneration {unknown}


   Skills:
 + Level 2.1 Fighting
 + Level 1.5 Maces & Flails
 + Level 3.3 Dodging
 + Level 4.8 Stealth
 + Level 3.3 Spellcasting
 + Level 4.8 Summonings


You had 5 spell levels left.
You knew the following spells:

 Your Spells              Type           Power      Damage    Failure   Level
a - Summon Small Mammal   Summ           84%        N/A       1%          1
b - Call Imp              Summ           42%        N/A       3%          2
c - Call Canine Familiar  Summ           21%        N/A       6%          3

Your spell library contained the following spells:

 Spells                   Type           Power      Damage    Failure   Level
 Summon Guardian Golem    Hex/Summ       12%        N/A       16%         3
 Dazzling Flash           Conj/Hex       6%         N/A       41%         3
 Portal Projectile        Hex/Tloc       6%         N/A       41%         3
 Volatile Blastmotes      Fire/Tloc      6%         2d10      41%         3
 Summon Lightning Spire   Summ/Air       12%        N/A       47%         4
 Iskenderun's Mystic Bla  Conj/Tloc      3%         2d3       82%         4
 Leda's Liquefaction      Hex/Erth       1%         N/A       82%         4
 Starburst                Conj/Fire      1%         6d3       100%        6


Dungeon Overview and Level Annotations

Branches:
Dungeon (4/15)
 Temple: D:4-7

Altars:

Annotations:
D:4 1 runed translucent door, Dowan; Duvessa; javelincjr's ghost, novice DjCj


Innate Abilities, Weirdness & Mutations

You cannot wear most types of armour.
You are amphibious.
You can wear up to eight rings at the same time.
Your skin changes colour to match your surroundings (Stealth+).
Your rubbery body absorbs attacks. (AC +1, EV +1)
((You are camouflaged when in or above water. (Stealth+)))
You have tentacles for arms and can constrict up to eight enemies at once.


Message History

Your +1 spectral club disappears.
Your hound closely misses Duvessa.
Duvessa hits your rat with a +0 short sword of speed!
Your rat dies!
Your rat's corpse disappears in a puff of smoke!
Your hound bites Duvessa.
Your cerulean imp barely misses Duvessa.
Your magical contamination has completely faded away.
Your cerulean imp hits Duvessa but does no damage.
Your hound completely misses Duvessa.
Duvessa says, "When magic and the sword combine, nothing stands against them."
Your hound bites Duvessa.
Your cerulean imp barely misses Duvessa.
Your hound bites Duvessa but does no damage.
Your cerulean imp closely misses Duvessa.
Your hound bites Duvessa.
Your cerulean imp hits Duvessa but does no damage.
Your hound bites Duvessa but does no damage.
Your cerulean imp barely misses Duvessa.
Your hound bites Duvessa but does no damage.
Duvessa hits your hound with a +0 short sword of speed.
Your cerulean imp barely misses Duvessa.
Your hound bites Duvessa.
Duvessa hits your hound with a +0 short sword of speed.
Your hound bites Duvessa.
Your cerulean imp hits Duvessa but does no damage.
Duvessa hits your cerulean imp with a +0 short sword of speed.
Dowan gestures at you while chanting. The puff of frost hits you!
* * * LOW HITPOINT WARNING * * *
Duvessa completely misses your cerulean imp.
Your hound barely misses Duvessa.
Your cerulean imp hits Duvessa with a -2 spear.
Duvessa hits your cerulean imp with a +0 short sword of speed!
Your cerulean imp dies!
Your cerulean imp disappears in a puff of smoke!
Your hound bites Duvessa.
Dowan points at you and mumbles some strange words.
The puff of flame hits you!
You die...

.. #...†..### >.#
#......# .... #...[..#
....##......#
............######
##........###....#
#........# #....#
#........# #....#
#......[@###....###
#............h..#.#
###........##..e..#.#####
#..........###..§.......#
#..........# ##.....###.#
#....#######
###e......### #....#
####..........
#....######
#(............
#.......#W§
#..#...........


You could see Duvessa (distracted, ally target), Dowan and a friendly hound
(summoned).

Vanquished Creatures
  A scorpion (D:4)
  An orc priest (D:2)
  A gnoll (D:2)
  A dart slug (D:2)
  2 orcs
  6 bats
  4 endoplasms
  4 giant cockroaches
  4 goblins
  7 hobgoblins
  A jackal (D:4)
  2 kobolds (D:1)
  2 quokkas
  5 ball pythons
  4 frilled lizards
  4 rats
49 creatures vanquished.

Vanquished Creatures (collateral kills)
  An orc priest (D:2)
  Jessica (D:2)
  An iguana (D:4)
  5 gnolls
  An ufetubus (D:4)
  A dart slug (D:1)
  6 orcs
  4 ball pythons
  6 endoplasms
  A giant cockroach (D:2)
  4 goblins
  2 hobgoblins
  2 jackals (D:4)
  A quokka (D:1)
  4 bats
  3 frilled lizards
  A kobold (D:1)
  2 rats
46 creatures vanquished.

Vanquished Creatures (others)
  An orc wizard (D:2)
1 creature vanquished.

Grand Total: 96 creatures vanquished

Notes
Turn   | Place    | Note
-------+----------+-------------------------------------------
     0 | D:1      | javelincjr the Octopode Summoner began the quest for the
                  | Orb.
     0 | D:1      | Reached XP level 1. HP: 11/11 MP: 3/3
    93 | D:1      | Reached XP level 2. HP: 17/17 MP: 1/5
   193 | D:1      | Reached XP level 3. HP: 12/21 MP: 0/6
   899 | D:1      | Learned a level 2 spell: Call Imp
  1133 | D:2      | Reached XP level 4. HP: 26/27 MP: 3/7
  1133 | D:2      | Noticed Jessica
  1143 | D:2      | Killed Jessica
  1144 | D:2      | Reached skill level 1 in Fighting
  1353 | D:2      | Found a faded altar of an unknown god.
  1613 | D:2      | Reached XP level 5. HP: 31/33 MP: 4/9
  1732 | D:2      | Identified the +0 pair of gloves of the Bruised Places
                  | {rCorr Int+8}
  1791 | D:2      | Reached skill level 1 in Maces & Flails
  2390 | D:3      | Reached XP level 6. HP: 39/39 MP: 6/10
  3030 | D:4      | Noticed Duvessa
  3039 | D:4      | Noticed Dowan
  3048 | D:3      | Learned a level 3 spell: Call Canine Familiar
  3213 | D:4      | Found a runed translucent door.
  3213 | D:4      | Noticed javelincjr's ghost (novice DjCj)
  3264 | D:4      | Killed from afar by Dowan

Illustrated notes

Levels and vault maps discovered:
D:1:      lordsloth_arrival_two_stooges, layout_loops_ring,
          kennysheep_decorative_pillar, minmay_tromino_v4_a
D:2:      cheibrodos_pilgrimage, layout_basic, shapermc_ecumenical_altar_ellora,
          uniq_jessica
D:3:      layout_rooms
D:4:      layout_basic, nicolae_uskayaw_suspiria, ebering_ghost_inner_flame,
          uniq_sigmund, uniq_duvessa

Skill      XL: |  1  2  3  4  5  6 |
---------------+-------------------+-----
Stealth        | 3 4 |  4.8
Fighting       | 1 2 |  2.1
Dodging        | 3 |  3.3
Spellcasting   | 3 |  3.3
Maces & Flails | 1 |  1.5
Summonings     | |  4.8

Action                     |  1- 3 |  4- 6 || total
---------------------------+-------+-------++-------
  Melee: Unarmed           |     2 |       ||     2
         Flail             |     3 |       ||     3
         Short sword       |    33 |     2 ||    35
         Constrict         |    10 |    31 ||    41
         Tentacles         |     5 |    20 ||    25
         Club              |       |    89 ||    89
   Cast: Summon Small Mamm |    42 |    41 ||    83
         Call Imp          |     2 |    16 ||    18
         Call Canine Famil |       |     2 ||     2
    Use: Scroll            |       |     6 ||     6
   Stab: Sleeping          |     2 |     7 ||     9
         Distracted        |       |     2 ||     2
 Armour: Skin              |     8 |     3 ||    11
  Dodge: Dodged            |    22 |    62 ||    84
